 Dungeon Crawl Stone Soup version 0.29.1-15-g9cfb28693d (webtiles) character file.

Game seed: 11646344275455781732

1 GeoRichter the Stinger (level 1, -2/11 HPs)
             Began as an Octopode Venom Mage on Mar 20, 2023.
             Slain by an endoplasm (3 damage)
             ... on level 1 of the Dungeon.
             The game lasted 00:00:18 (126 turns).

GeoRichter the Stinger (Octopode Venom Mage)         Turns: 126, Time: 00:00:18

Health: -2/11      AC:  1    Str:  7    XL:     1   Next: 20%
Magic:  0/3        EV: 13    Int: 17    God:
Gold:   33         SH:  0    Dex: 12    Spells: 3/4 levels left

rFire   . . .      SeeInvis .   (no weapon)
rCold   . . .      Faith    .   (no shield)
rNeg    . . .      Spirit   .   (helmet restricted)
rPois   .          Reflect  .   (no amulet)
rElec   .          Harm     .   (no ring)
rCorr   .          Rampage  .   (no ring)
Will    .....                   (no ring)
Stlth   +++.......              (no ring)
HPRegen 0.03/turn               (no ring)
MPRegen 0.08/turn               (no ring)
                                (no ring)
                                (no ring)

@: no status effects
A: almost no armour, amphibious, 8 rings, camouflage 1, gelatinous body 1,
(nimble swimmer 1), tentacles
a: no special abilities


You were on level 1 of the Dungeon.
You visited 1 branch of the dungeon, and saw 1 of its levels.

You collected 33 gold pieces.

Inventory:

Scrolls
 b - a scroll of identify {unknown}
Potions
 a - a potion of magic


   Skills:
 - Level 2.0 Dodging
 - Level 2.6 Stealth
 + Level 2.0 Spellcasting
 - Level 1.0 Transmutations
 * Level 3.7 Poison Magic


You had 3 spell levels left.
You knew the following spells:

 Your Spells              Type           Power      Damage    Failure   Level
a - Sting                 Tmut/Pois      36%        1d4       8%          1

Your spell library contained the following spells:

 Spells                   Type           Power      Damage    Failure   Level
 Poisonous Vapours        Pois/Air       16%        N/A       14%         2
 Mephitic Cloud           Conj/Pois/Air  5%         N/A       34%         3
 Olgreb's Toxic Radiance  Pois           14%        N/A       38%         4


Dungeon Overview and Level Annotations

Branches:
Dungeon (1/15) Zot: 5873

Altars:


Innate Abilities, Weirdness & Mutations

You cannot wear most types of armour.
You are amphibious.
You can wear up to eight rings at the same time.
Your skin changes colour to match your surroundings (Stealth+).
Your rubbery body absorbs attacks. (AC +1, EV +1)
((You are camouflaged when in or above water. (Stealth+)))
You have tentacles for arms and can constrict up to eight enemies at once.


Message History

Welcome, GeoRichter the Octopode Venom Mage.
It is said that the Orb of Zot exists deep within this dungeon.
Found a leather armour and a scroll labelled IXZOOB VACH.
Found a staircase leading out of the dungeon.
Found an escape hatch in the floor.
Found an escape hatch in the floor.
Found 12 gold pieces.
b - a scroll labelled IXZOOB VACH You now have 12 gold pieces.
A frilled lizard comes into view.
A frilled lizard is nearby!
Found 13 gold pieces.
The sting hits the frilled lizard.
The frilled lizard is poisoned.
You kill the frilled lizard!
You now have 25 gold pieces (gained 13).
Found a stone staircase leading down.
There is a stone staircase leading down here.
Found 6 stones and a spear.
A rat comes into view.
Found 8 gold pieces.
A rat is nearby!
The sting hits the rat.
The rat is poisoned.
You kill the rat!
You now have 33 gold pieces (gained 8).
You see here a rat corpse.
An endoplasm comes into view.
An endoplasm is nearby!
An endoplasm is nearby!
A hobgoblin comes into view.
The sting hits the endoplasm.
The endoplasm partially resists.
The endoplasm hits you.
The sting hits the endoplasm.
The endoplasm partially resists.
The endoplasm barely misses you.
The sting hits the endoplasm.
The endoplasm partially resists.
The endoplasm hits you. The endoplasm attacks as you move away!
The endoplasm hits you.
You tentacle-slap the endoplasm but do no damage.
You squeeze the endoplasm. The endoplasm barely misses you.
You barely miss the endoplasm. The endoplasm closely misses you.
You tentacle-slap the endoplasm but do no damage.
The endoplasm freezes you.
You are frozen.
* * * LOW HITPOINT WARNING * * *
You tentacle-slap the endoplasm but do no damage.
The endoplasm barely misses you.
You tentacle-slap the endoplasm but do no damage.
The endoplasm hits you.
You die...

...#.####.##.....
...#.# #........
...#.####.##....(
....†......######
#........#..## .
..........#).# ..
#.....^...##.##
... #.........
#..#### ....
..........
##.†.@### .....
####.####.
####.J.#..g...
.....# #.
###........
#######
...............
......#
.........#####.
......#
..........
......#
.#########.
......# ..
...#### .#


You could see an endoplasm.

Vanquished Creatures
  A frilled lizard (D:1)
  A rat (D:1)
2 creatures vanquished.

Notes
Turn   | Place    | Note
-------+----------+-------------------------------------------
     0 | D:1      | GeoRichter the Octopode Venom Mage began the quest for the
                  | Orb.
     0 | D:1      | Reached XP level 1. HP: 11/11 MP: 3/3
   126 | D:1      | Slain by an endoplasm

Illustrated notes

Levels and vault maps discovered:
D:1:      minmay_arrival_hallway, layout_basic, chequers_ecumenical_altar_island

Action                   || total
-------------------------++-------
Melee: Unarmed           ||     5
       Tentacles         ||     1
 Cast: Sting             ||     5
Dodge: Dodged            ||     4
